Konishi, neutral female human Valkyrie ---------------- |..............| ###` -------- -------- |...............## ----- #-------- #-......| |......| |).............| |_%.)###`|...<..| #|.......##### |......| -----.---------- |>..| #[[......# #|......| # |......| ##### |[.0)####--------# #-------- ##.......| # ---_- # # |(.....| ### @ # # -|------ # ##f # # # ## ) # # # ----.-- ######(# # # # |.....| -|-------- # # # |.....| |........| #### # # |..{..-#####|........| #------# # |.....| #-........| #|.....# -|----- |.....| |........| #|....| |..%/.| ------- |........| #.....| |.....| ---------- |....| |.?[)+| ------ ------- Konishi the Fighter Experience level: 7 Strength: 18/09 Dexterity: 7 Constitution: 17 Intelligence: 7 Wisdom: 9 Charisma: 8 Health: 53(54) Energy: 17(17) Def: 13 Gold: 59 Moves: 7688 Dungeon seed: FxGxtkOILqGfaEY- Game ID: Konishi_1507981625 Your Inventory: Coins $ - 59 gold pieces Weapons a - a cursed rusty +0 long sword (weapon in hand) b - an uncursed +0 dagger (in quiver) Armor e - an uncursed +3 small shield (being worn) q - an uncursed +0 pair of jumping boots r - an uncursed +0 orcish helm (being worn) x - an uncursed +1 pair of iron shoes (being worn) y - an uncursed +0 chain mail (being worn) Comestibles i - 5 uncursed tripe rations Q - 3 uncursed food rations T - an uncursed apple Scrolls g - an uncursed scroll of stinking cloud m - an uncursed scroll of magic mapping o - a blessed scroll of blank paper p - a blessed scroll of fire t - 4 uncursed scrolls of blank paper J - a cursed scroll of identify L - an uncursed scroll of fire R - 2 cursed scrolls of earth Potions h - an uncursed potion of wonder j - an uncursed potion of blindness M - an uncursed potion of healing Rings f - an uncursed ring of teleportation C - an uncursed ring of stealth (on left hand) U - an uncursed +1 ring of increase damage V - an uncursed ring of levitation Wands D - an uncursed wand of striking (0:6) S - an uncursed wand of magic missile (0:4) Tools c - an uncursed sack d - an uncursed skeleton key k - an uncursed expensive camera (0:89) l - a cursed magic lamp s - an uncursed magic whistle u - an uncursed +0 unicorn horn v - an uncursed oil lamp (0:1041) Z - an uncursed +0 unicorn horn Gems n - an uncursed flint stone z - an uncursed worthless piece of yellow glass N - an uncursed luckstone O - an uncursed worthless piece of black glass Y - an uncursed agate stone Contents of the sack: 515 gold pieces an uncursed lizard corpse Spells and supernatural/magical abilities: Spells marked with '*' are forgotten. Spells marked with '!' are maintained. Spells marked with '#' are aliased with 'castalias'. Name Level Category Fail Memory W - pray for help -- divine ? -- Your skills at the end: Fighting Skills wands [Basic] Weapon Skills dagger [Basic] long sword [Skilled] Spellcasting Skills Final Attributes: You were piously aligned. You were cold resistant. You were poison resistant. You were telepathic. You were stealthy. You were fast. You had extra luck. Bad luck did not time out for you. Good luck did not time out for you. Odin was angry with you. You survived. Vanquished creatures: a small mimic 2 leprechauns a werewolf a lizard a housecat a jaguar 2 black unicorns a plains centaur a soldier ant a rock piercer a rock mole a pony 2 fog clouds 4 yellow lights 3 shriekers a violet fungus 4 gnome lords a gnomish wizard a kobold mummy 2 gray oozes 5 elf zombies 3 ghouls 2 paper golems a giant ant 2 little dogs a floating eye a kitten 4 dwarves 2 homunculi 2 kobold lords 7 hill orcs 5 rothes 2 centipedes a monkey 3 orc zombies 2 wererats 2 werejackals 2 iguanas 2 acid blobs a gas spore a hobbit 5 manes a hobgoblin 9 giant rats a cave spider a brown mold a yellow mold a green mold a red mold 9 gnomes 12 garter snakes 2 gnome zombies 7 geckos 8 jackals 3 foxes 3 kobolds 5 goblins 5 sewer rats 4 grid bugs 6 bats 10 lichens a kobold zombie 8 newts 186 creatures vanquished. Voluntary challenges: You used a wielded weapon 211 times, starting on turn 75. You read items or engraved 5 times, starting on turn 5267. You never genocided any monsters. You never polymorphed an object. You never changed form. You used no wishes. You never split a pudding. You wrote Elbereth's name 3 times, starting on turn 5841. You violated your moral code, losing 5 points of alignment, starting on turn 7678. Dungeon overview: The Dungeons of Doom: levels 1 to 7 Level 1 a fountain a long staircase Level 2 a fountain Level 3 <- You were here a general store, an altar to Loki, a fountain Level 4 stairs to The Gnomish Mines Level 5 a fountain Level 6 many fountains Level 7 some fountains stairs to Sokoban The Gnomish Mines: Level 5 stairs to The Dungeons of Doom Sokoban: levels 4 to 6 Level 4 Level 5 Level 6 stairs to The Dungeons of Doom History has recorded: On T:1 you entered the Dungeons of Doom to retrieve the Amulet of Yendor! On T:447 you reached level 2 of The Dungeons of Doom. On T:803 you reached level 3 of The Dungeons of Doom. On T:853 you advanced to experience level 2. On T:1259 you advanced to experience level 3. On T:1548 you advanced to experience level 4. On T:1873 you reached level 1 of The Gnomish Mines. On T:2061 you advanced to experience level 5. On T:2691 you reached level 5 of The Dungeons of Doom. On T:2699 you reached level 6 of The Dungeons of Doom. On T:2721 you advanced to experience level 6. On T:4270 you reached level 7 of The Dungeons of Doom. On T:4720 you reached level 4 of Sokoban. On T:5126 you advanced to experience level 7. On T:5253 you reached level 3 of Sokoban. On T:5896 you reached level 2 of Sokoban. Score breakdown: Gold: 574 ( 9387 points) Experience: 7 levels (13645 points) Exploration: 7 levels ( 14.89%) (10834 points) Discoveries: 7 items ( 2.81%) ( 5030 points) Valuables value: (no points given unless you survive) Artifact value: 0 ( 0 points) Variety of kills: 63 monsters ( 16.45%) (12167 points) Turncount: 7688 turns (-1990 points) Survival: quit (score multiplied by 90%) Total score: 44165 Latest messages: You displace your large cat. You see here a wand of light named uncursed (0:0). There is a doorway here. There are a few objects here. You stagger under your heavy load. Movement is very hard. B - a werejackal corpse. D - a wand of striking. You see here a wand of light named uncursed (0:0). You see here an orc corpse. You'll regret this infamous offense! The altar is stained with human blood. Your conscience bothers you... The voice of Odin thunders: "Thou hast angered me." You are being punished for your misbehavior! You stop. Your large cat is in the way! You see here an orc corpse. The large cat picks up a wand of light named uncursed (0:0). You stop. Your large cat is in the way! There is a doorway here. You see here a wand of light (0:0). The large cat drops a wand of light named uncursed (0:0). You hear a crunching sound. To quit the game, use the 'save' command (typically on 'S'). Final status: Farvel Konishi the Valkyrie, quit... You quit in The Dungeons of Doom on dungeon level 3 with 44165 points, and 574 pieces of gold, after 7688 moves. You were level 7 with a maximum of 54 hit points when you quit.